 Dungeon Crawl Stone Soup version 0.31-a0-691-g409c26aa35 (webtiles) character file.

Game seed: 4098677387242213343

5048 arthad the Ruffian (level 10, -7/98 HPs)
             Began as a Troll Shapeshifter on Sept 6, 2023.
             Was a Believer of Uskayaw.
             Mangled by Grum
             ... wielding a -1 spear
              (9 damage)
             ... on level 8 of the Dungeon.
             The game lasted 00:16:49 (6446 turns).

arthad the Ruffian (Troll Shapeshifter)             Turns: 6446, Time: 00:16:50

Health: -7/98      AC:  7    Str: 34    XL:     10   Next: 30%
Magic:  1/12       EV: 11    Int:  6    God:    Uskayaw [**....]
Gold:   897        SH:  0    Dex:  9    Spells: 9/9 levels left

rFire   . .          .
                       - Unarmed
rCold   + . .        (no shield)
rNeg    . . .        o - +0 steam dragon scales
rPois   .            (helmet currently unavailable)
rElec   .            (cloak currently unavailable)
rCorr   .            (gloves unavailable)
SInv    .            (boots unavailable)
Will    .....        e - amulet of regeneration
Stlth   ++           v - +6 ring of strength
HPRegen 1.96/turn    m - ring of protection from cold
MPRegen 0.13/turn

%: no passive effects
@: beast-form
A: beast (slay +4), large, unfitting armour, claws 3, regeneration 1, shaggy fur
1, tough skin 1
a: Begin Untransformation, Renounce Religion, Stomp, Line Pass


You were on level 8 of the Dungeon.
You worshipped Uskayaw.
Uskayaw was noncommittal.
You were a hulking beast.
You visited 2 branches of the dungeon, and saw 9 of its levels.
You also visited: Bailey.

You collected 897 gold pieces.

Inventory:

Missiles
 q - 5 large rocks
 D - a throwing net
Armour
 a - a +0 animal skin
 o - +0 steam dragon scales (worn)
 z - a +0 troll leather armour
 M - a +2 robe of fire resistance
Jewellery
 e - an amulet of regeneration (around neck)
 i - a ring of willpower
 m - a ring of protection from cold (right claw)
 n - a ring of fire
 v - a +6 ring of strength (left claw)
 A - a ring of fire
 C - an amulet of faith
 O - the ring of Equilibrium {Wiz Int+5}
   (You found it on level 8 of the Dungeon)

   [ring of wizardry]

   Wiz:       It improves your spell success rate.
   Int+5:     It affects your intelligence (+5).
Talismans
 c - a beast talisman (active)
 d - a flux talisman
Wands
 E - a wand of polymorph (10)
Scrolls
 f - a scroll of revelation
 g - 3 scrolls of brand weapon
 r - a scroll of teleportation
 s - a scroll of noise {unknown}
 t - 2 scrolls of poison {unknown}
 u - 2 scrolls of torment {unknown}
 y - a scroll of immolation {unknown}
 B - a scroll of silence {unknown}
 L - a scroll of fear {unknown}
 N - a scroll of identify
Potions
 b - 2 potions of lignification
 h - 2 potions of brilliance
 j - a potion of berserk rage
 l - 3 potions of curing
 p - 4 potions of haste
 w - 2 potions of resistance
 x - a potion of degeneration
 F - 2 potions of heal wounds
 H - a potion of ambrosia {unknown}
 I - 2 potions of mutation
 J - a potion of magic {unknown}
 K - 2 potions of might {unknown}


   Skills:
 * Level 5.8 Fighting
 + Level 0.9 Throwing
 + Level 0.6 Armour
 * Level 6.0 Dodging
 + Level 1.8 Stealth
 * Level 7.6 Unarmed Combat
 * Level 4.0 Invocations
 * Level 7.2 Shapeshifting


You had 9 spell levels left.
You didn't know any spells.
Your spell library contained the following spells:

 Spells                   Type           Power      Damage    Failure   Level
 Freeze                   Ice            0%         1d3       45%         1
 Ensorcelled Hibernation  Hex/Ice        0%         N/A       58%         2
 Frozen Ramparts          Ice            0%         1d1       83%         3
 Hailstorm                Conj/Ice       0%         3d3       83%         3
 Anguish                  Hex/Necr       0%         N/A       99%         4
 Summon Ice Beast         Ice/Summ       0%         N/A       99%         4
 Simulacrum               Ice/Necr       0%         N/A       100%        6


Dungeon Overview and Level Annotations

Branches:
Dungeon (8/15)             Temple (1/1) D:6            Lair (0/5) D:8
 Bailey (visited)

Altars:
Ashenzari
Cheibriados
Dithmenos
Elyvilon
Gozag
Kikubaaqudgha
Makhleb
Nemelex Xobeh
Qazlal
Ru
Sif Muna
Uskayaw
Vehumet
Yredelemnul
The Shining One

Shops:
D:6 =   D:7 :

Annotations:
D:8 Grum


Innate Abilities, Weirdness & Mutations

You are a hulking beast.
Your limbs bulge with bestial killing power. (Slay +4)
You are too large for most types of armour.
You have claws for hands.
Your natural rate of healing is unusually fast.
You are covered in fur. (AC +1)
You have tough skin. (AC +1)


Message History

Aiming: Line Pass
Press: ? - help, Dir - move target The wolf appears confused.
Grum appears confused.
Found 10 gold pieces.
You are too injured to fight recklessly!
The helpless Grum fails to defend himself.
You claw Grum!
Grum is heavily wounded.
Grum is no longer paralysed.
The wolf is no longer paralysed. x4
The wolf bites Grum but does no damage.
You scratch the wolf. Your claw misses the wolf.
The wolf is moderately wounded.
Grum seems less confused.
The wolf seems less confused.
The wolf bites you.
Grum hits you from afar with a -1 spear!
* * * LOW HITPOINT WARNING * * *
The wolf barely misses you. The wolf closely misses you.
The wolf barely misses you.
Uskayaw will force your foes to helplessly watch your dance.
You stomp with the beat, sending a shockwave through the revellers around you!
The wolf is heavily wounded.
The wolf is severely wounded.
The wolf is moderately wounded.
You kill the wolf!
The wolf bites you!
* * * LOW HITPOINT WARNING * * *
The wolf bites you.
* * * LOW HITPOINT WARNING * * *
The wolf bites you.
* * * LOW HITPOINT WARNING * * *
Grum points his finger and barks, "Attack!"
Grum completely misses you. The wolf closely misses you.
Uskayaw will force your foes to helplessly watch your dance.
Your Invocations skill increases to level 4!
You stomp with the beat, sending a shockwave through the revellers around you!
The wolf is severely wounded.
The wolf is almost dead. x2
The wolf bites you but does no damage. The wolf barely misses you.
The wolf bites you but does no damage. x2; The wolf bites you!
* * * LOW HITPOINT WARNING * * *
Grum hits you from afar with a -1 spear!
You die...

######..........######
#.......................
........................
.................(......
.............##.........
.....<.......##........$
..............'g......
.............##†h..###
.............##.hh.#
..........#......h....#
......#####........##.#
....##. ..........#
....# .. ..........#
..........# ..........#
. ..........# ..


You could see Grum and 3 wolves.

Vanquished Creatures
  A two-headed ogre (D:8)
  An orc knight (Bailey)
  Maggie (D:8)
  A troll (D:8)
  A steam dragon (D:7)
  Menkaure (D:7)
  2 water moccasins (D:6)
  Duvessa (D:5)
  An orc warrior (D:8)
  3 ice beasts
  A black bear (D:6)
  A sky beast (D:7)
  An ogre (D:2)
  5 wolves (D:8)
  A centaur (D:8)
  A bullfrog (D:7)
  A scorpion (D:4)
  5 wights (D:8)
  Dowan (D:5)
  4 electric eels (D:8)
  A howler monkey (D:6)
  4 hounds
  A jelly (D:6)
  3 orc priests
  Terence (D:3)
  7 iguanas
  Natasha (thrice) (D:2)
  6 orc wizards
  2 hell rats (D:7)
  7 adders
  15 gnolls
  10 river rats (D:7)
  3 white imps
  2 ufetubi
  2 worms
  2 dart slugs
  40 orcs
  9 ball pythons
  5 bats
  15 endoplasms
  3 giant cockroaches
  13 goblins
  6 hobgoblins
  5 kobolds
  6 quokkas
  6 frilled lizards
  25 rats
236 creatures vanquished.

Vanquished Creatures (others)
  A gnoll (Bailey)
  An orc (D:8)
2 creatures vanquished.

Grand Total: 238 creatures vanquished

Notes
Turn   | Place    | Note
-------+----------+-------------------------------------------
     0 | D:1      | arthad the Troll Shapeshifter began the quest for the Orb.
     0 | D:1      | Reached XP level 1. HP: 18/18 MP: 0/0
   200 | D:1      | Reached skill level 1 in Fighting
   251 | D:1      | Reached XP level 2. HP: 27/27 MP: 1/1
   725 | D:1      | You fall into a shaft and drop 1 floor!
   772 | D:2      | Noticed Natasha
   779 | D:2      | Killed Natasha
   780 | D:2      | Reached XP level 3. HP: 12/33 MP: 2/2
   917 | D:2      | Noticed Natasha
   919 | D:2      | Noticed an ogre
   924 | D:2      | Killed Natasha
   925 | D:2      | Reached XP level 4. HP: 30/42 MP: 3/3
  1348 | D:3      | Noticed Terence
  1356 | D:3      | Killed Terence
  1497 | D:3      | Found a shimmering blue altar of Sif Muna.
  1856 | D:3      | Reached XP level 5. HP: 49/49 MP: 4/4
  2123 | D:2      | Noticed Natasha
  2130 | D:2      | Killed Natasha
  2231 | D:2      | Killed an ogre
  2232 | D:2      | Reached XP level 6. HP: 59/59 MP: 5/5
  2829 | D:4      | Reached XP level 7. HP: 67/67 MP: 6/6
  3108 | D:5      | Entered Level 5 of the Dungeon
  3139 | D:5      | Noticed Dowan
  3140 | D:5      | Noticed Duvessa
  3234 | D:5      | Killed Duvessa
  3235 | D:5      | Reached skill level 5 in Unarmed Combat
  3246 | D:5      | Killed Dowan
  3421 | D:5      | Reached skill level 5 in Shapeshifting
  3569 | D:6      | Found Xalipiuf's Jewellery Emporium.
  3602 | D:6      | Reached XP level 8. HP: 74/78 MP: 7/7
  3955 | D:6      | Found a staircase to the Ecumenical Temple.
  3962 | Temple   | Entered the Ecumenical Temple
  4045 | Temple   | Became a worshipper of Uskayaw the Reveller
  4114 | D:6      | Reached * piety under Uskayaw
  4355 | D:7      | Reached ** piety under Uskayaw
  4419 | D:7      | Found a flagged portal.
  4444 | Bailey   | Entered a bailey
  4477 | Bailey   | Reached skill level 1 in Invocations
  4580 | Bailey   | Noticed an orc knight
  4598 | Bailey   | Killed an orc knight
  4599 | Bailey   | Reached skill level 5 in Dodging
  4599 | Bailey   | Reached XP level 9. HP: 12/85 MP: 7/9
  4600 | Bailey   | Reached *** piety under Uskayaw
  4789 | Bailey   | Acquired 474 gold pieces
  4808 | D:7      | Found an ancient bone altar of Kikubaaqudgha.
  4826 | D:7      | Found Fucsap's Book Boutique.
  4927 | D:7      | Noticed Menkaure
  4936 | D:7      | Killed Menkaure
  4975 | D:7      | Reached skill level 1 in Stealth
  4988 | D:7      | Reached **** piety under Uskayaw
  4999 | D:7      | Reached ***** piety under Uskayaw
  5002 | D:7      | Reached skill level 5 in Fighting
  5011 | D:7      | Reached ****** piety under Uskayaw
  5413 | D:7      | Found a glowing golden altar of the Shining One.
  5705 | D:8      | Noticed a troll
  5716 | D:8      | Killed a troll
  5776 | D:8      | HP: 4/86 [wight/+5 spear of freezing (2)]
  5847 | D:8      | Reached XP level 10. HP: 69/94 MP: 11/11
  5950 | D:8      | Noticed Maggie
  5959 | D:8      | Killed Maggie
  5991 | D:8      | Found a shadowy altar of Dithmenos.
  6035 | D:8      | Identified the ring of Equilibrium {Wiz Int+5}
  6063 | D:8      | Found a staircase to the Lair.
  6431 | D:8      | Noticed a two-headed ogre
  6434 | D:8      | Noticed Grum
  6435 | D:8      | Killed a two-headed ogre
  6446 | D:8      | HP: 2/98 [wolf[Grum] (7)]
  6446 | D:8      | Mangled by Grum

Illustrated notes

Levels and vault maps discovered:
D:1:      scummos_arrival_gate, layout_loops_corners
D:2:      layout_basic, minmay_indecisive_spiral, uniq_natasha
D:3:      minmay_recursive_quarters, layout_loops_ring,
          nicolae_sif_muna_little_library, uniq_terence
D:4:      layout_gridville
D:5:      layout_rooms, minmay_misc_feat_four_crosses, uniq_duvessa
D:6:      layout_loops_ring, minmay_temple_entry_overgrown, serial_shops, shop
D:7:      lemuel_ratsnest, layout_loops_ring, amcnicky_altar_gilded,
          tso_metal_star, enter_bailey_5, serial_shops,
          nicolae_shop_pleasant_corner_grove, uniq_menkaure
D:8:      layout_basic, xom_shifter_show, mainiacjoe_overflow_brackets,
          erik_lair_island, uniq_maggie, uniq_grum
Temple:   grunt_temple_mini_profane

Skill      XL: |  1  2  3  4  5  6  7  8  9 10 |
---------------+-------------------------------+-----
Fighting       | 1 2 3 4 5 |  5.8
Dodging        | 2 3 4 5 6 |  6.0
Unarmed Combat | 4 5 6 7 |  7.6
Shapeshifting  | 4 5 6 7 |  7.2
Invocations    | 1 3 4 |  4.0
Stealth        | 1 |  1.8
Throwing       | |  0.9
Armour         | |  0.6

Action                     |  1- 3 |  4- 6 |  7- 9 | 10-12 || total
---------------------------+-------+-------+-------+-------++-------
  Melee: Unarmed           |    61 |   130 |   327 |    30 ||   548
         Punch             |     2 |     5 |    11 |       ||    18
  Throw: Large rock        |       |       |     1 |     2 ||     3
         Javelin           |       |       |       |     7 ||     7
 Invoke: Line Pass         |       |       |     3 |     1 ||     4
         Stomp             |       |       |       |     2 ||     2
  Evoke: Wand              |       |       |     4 |       ||     4
    Use: Scroll            |       |     3 |    10 |     1 ||    14
         Potion            |       |     1 |     6 |       ||     7
   Stab: Sleeping          |     1 |       |     2 |       ||     3
         Paralysed         |       |       |     8 |     2 ||    10
         Confused          |       |       |     1 |       ||     1
 Armour: Animal skin       |    31 |    17 |       |       ||    48
         Steam dragon scal |       |    36 |   263 |    57 ||   356
         Skin              |       |     2 |       |       ||     2
  Dodge: Dodged            |    23 |    67 |   162 |    16 ||   268

Table legend: (Time is in decaauts)
 A = Elapsed time spent in this place.
 B = Non-inter-level travel time spent in this place.
 C = Inter-level travel time spent in this place.
 D = Time resting spent in this place.
 E = Time spent auto-exploring this place.
 F = Levels seen in this place.
 G = Mean time per level.
                   A        B        C        D        E       F      G
               +--------+--------+--------+--------+--------+-----+--------+
         Total |   6388 |   6082 |    306 |    211 |   4360 |  10 |  638.8 |
       Dungeon |   5965 |   5727 |    238 |    188 |   4168 |   8 |  745.6 |
        Temple |     87 |     19 |     68 |      0 |      0 |   1 |   87.0 |
        Bailey |    335 |    335 |      0 |     23 |    192 |   1 |  335.0 |
               +--------+--------+--------+--------+--------+-----+--------+

Top non-repeatable levels by time:
     D:7: 1087 daAuts
     D:1: 959 daAuts
     D:3: 789 daAuts
     D:2: 761 daAuts
     D:6: 693 daAuts
     D:8: 642 daAuts
     D:4: 580 daAuts
     D:5: 451 daAuts
  Bailey: 335 daAuts
  Temple: 87 daAuts
